 Dungeon Crawl Stone Soup version 0.22-a0-480-g991dd4b (webtiles) character file.

55 Laiders72 the Caller (level 3, 0/20 HPs)
             Began as a Deep Elf Summoner on June 15, 2018.
             Slain by Grinder (4 damage)
             ... on level 3 of the Dungeon.
             The game lasted 00:07:38 (2451 turns).

Laiders72 the Caller (Deep Elf Summoner)            Turns: 2451, Time: 00:07:43

Health: 0/20       AC:  7    Str:  5    XL:     3   Next: 67%
Magic:  1/10       EV: 13    Int: 20    God:
Gold:   81         SH:  0    Dex: 15    Spells: 3/9 levels left

rFire    + . .     SeeInvis .   b - +0 whip
rCold    + . .     Gourm    .   (no shield)
rNeg     . . .     Faith    .   k - +2 robe {rC+ rF+}
rPois    .         Spirit   .   (no helmet)
rElec    .         Reflect  .   (no cloak)
rCorr    .         Harm     .   (no gloves)
MR       .....                  (no boots)
Stlth    ++........             (no amulet)
HPRegen  0.06/turn              l - +3 ring of protection
MPRegen  0.12/turn              (no ring)

@: hasted, very quick
A: no striking features
a: no special abilities


You were on level 3 of the Dungeon.
You were not hungry.

You visited 1 branch of the dungeon, and saw 3 of its levels.

You collected 81 gold pieces.

Inventory:

Hand Weapons
 b - a +0 whip (weapon)
Missiles
 d - 45 arrows
Armour
 k - a +2 robe of resistance (worn)
Jewellery
 l - a +3 ring of protection (left hand)
Scrolls
 g - 2 scrolls of amnesia
Potions
 f - a potion of heal wounds
 h - 4 potions of curing
 i - a potion of agility
 j - a potion of resistance {unknown}
 n - a potion of magic {unknown}
Comestibles
 c - 5 rations


   Skills:
 + Level 0.4 Fighting
 - Level 0.2 Maces & Flails
 + Level 2.7 Dodging
 + Level 2.7 Stealth
 * Level 3.7 Spellcasting
 * Level 5.2 Summonings


You had 3 spell levels left.
You knew the following spells:

 Your Spells              Type           Power        Failure   Level  Hunger
a - Summon Small Mammal   Summ           ###.         1%          1    None
b - Call Imp              Summ           ###.....     2%          2    ##.....
c - Call Canine Familiar  Summ           ###.....     4%          3    ###....

Your spell library contained the following spells:

 Spells                   Type           Power        Failure   Level  Hunger
 Summon Ice Beast         Ice/Summ       ##......     41%         4    ####...
 Summon Lightning Spire   Summ/Air       ##......     41%         4    ####...
 Summon Guardian Golem    Hex/Summ       ##......     14%         3    ###....


Dungeon Overview and Level Annotations

Branches:
Dungeon (3/15)

Altars:

Annotations:
D:3 Grinder; Laiders72's ghost, weakling DESu


Message History

Your quokka dies!
Your quokka's corpse disappears in a puff of smoke!
Your white imp gestures at Grinder.
The puff of frost hits Grinder.
Grinder resists.
Your rat bites Grinder.
Your quokka bites Grinder.
Your quokka bites Grinder.
Your rat completely misses Grinder.
Laiders72's ghost casts a spell.
The white imp hits your quokka. The white imp freezes your quokka.
Your white imp hits Grinder but does no damage.
Grinder hits you!
You writhe in agony.
Your quokka barely misses Grinder.
Your rat bites Grinder.
The frilled lizard closely misses your rat.
There is a stone staircase leading up, spattered with blood here.
You feel yourself speed up.
The white imp barely misses your quokka.
Your quokka misses Grinder.
Your white imp hits Grinder.
Your white imp freezes Grinder.
Grinder completely resists.
Grinder hits you!
* * * LOW HITPOINT WARNING * * *
You writhe in agony.
You die...

#.....$
##.......
##........
#.........
#.........
#.........
##.W.......
#@r5b......
#.55†.))5..
#....r.......
#.#...l......
#.#..........
# #..........
###........
.........
###......


You could see Grinder, Laiders72's ghost, a white imp, a bat, a frilled lizard,
a friendly crimson imp, a friendly white imp, a friendly quokka and a friendly
rat.

Vanquished Creatures
  2 dart slugs
  5 bats
  2 frilled lizards (D:2)
  2 rats
11 creatures vanquished.

Vanquished Creatures (collateral kills)
  Jessica (D:2)
  An ooze (D:2)
  2 worms (D:2)
  2 leopard geckos (D:2)
  4 giant cockroaches
  6 hobgoblins
  5 kobolds
  A quokka (D:2)
  2 bats (D:1)
  A frilled lizard (D:1)
  7 goblins
  A rat (D:1)
33 creatures vanquished.

Grand Total: 44 creatures vanquished

Notes
Turn   | Place    | Note
-------+----------+-------------------------------------------
     0 | D:1      | Laiders72 the Deep Elf Summoner began the quest for the Orb.
     0 | D:1      | Reached XP level 1. HP: 10/10 MP: 6/6
   646 | D:1      | Reached XP level 2. HP: 15/15 MP: 5/8
   693 | D:1      | Learned a level 2 spell: Call Imp
   963 | D:1      | Reached skill level 5 in Summonings
  1082 | D:1      | You fall through a shaft!
  1431 | D:2      | Noticed Jessica
  1448 | D:2      | Killed Jessica
  1448 | D:2      | Reached XP level 3. HP: 19/19 MP: 1/10
  1520 | D:2      | Learned a level 3 spell: Call Canine Familiar
  2429 | D:3      | Noticed Grinder
  2441 | D:3      | Noticed Laiders72's ghost (weakling DESu)
  2451 | D:3      | Slain by Grinder

Vault maps used:
D:1:      minmay_arrival_solitary_statue, hangedman_decor_opposing
D:2:      uniq_jessica
D:3:      kennysheep_goblin_castle, uniq_grinder

Skill      XL: |  1  2 |
---------------+-------+-----
Summonings     | 5 |  5.2
Fighting       | |  0.4
Maces & Flails | |  0.2
Dodging        | |  2.7
Stealth        | |  2.7
Spellcasting   | |  3.7

Action                   || total
-------------------------++-------
Melee: Unarmed           ||     7
       Whip              ||    38
 Cast: Summon Small Mamm ||    36
       Call Imp          ||     6
       Call Canine Famil ||     6
  Use: Scroll            ||     6
       Potion            ||     1
 Stab: Sleeping          ||     1
  Eat: Chunk             ||     5
Armor: Robe              ||    19
Dodge: Dodged            ||    55

Table legend:
 A = Spawn XP
 B = Non-spawn XP
 C = Spawn XP percentage of total XP
 D = Spawn monster count
 E = Non-spawn monster count
 F = Spawn count percentage of total count
 G = Total turns spent on level
                    A         B        C        D         E        F      G
               +---------+---------+-------+---------+---------+-------+---------
         Total |       0 |      79 |   0.0 |       0 |      44 |   0.0 |  2451
               +---------+---------+-------+---------+---------+-------+---------
           D:1 |       0 |      26 |   0.0 |       0 |      22 |   0.0 |  1286
           D:2 |       0 |      50 |   0.0 |       0 |      19 |   0.0 |  1134
           D:3 |       0 |       3 |   0.0 |       0 |       3 |   0.0 |    31
               +---------+---------+-------+---------+---------+-------+---------
